 Dungeon Crawl Stone Soup version 0.30-a0-34-gbe8da3892a (webtiles) character file.

Game seed: 14975080179326446810

2375 ImASeal the Grappler (level 9, -3/86 (88) HPs)
             Began as a Troll Berserker on Aug 27, 2022.
             Was an Elder of Trog.
             Slain by a gnoll
             ... wielding a +1 spear of electrocution
              (8 damage)
             ... on level 7 of the Dungeon.
             The game lasted 01:08:50 (7182 turns).

ImASeal the Grappler (Troll Berserker)              Turns: 7182, Time: 01:08:51

HP:   -3/86 (88)    AC:  4    Str: 29    XL:     9   Next: 21%
MP:   8/8           EV: 16    Int:  3    God:    Trog [****..]
Gold: 381           SH:  0    Dex: 17    Spells: 8/8 levels left

rFire   . . .      SeeInvis .      - Unarmed
rCold   . . .      Faith    +    (no shield)
rNeg    . . .      Spirit   .    b - +0 animal skin
rPois   .          Reflect  .    (helmet restricted)
rElec   .          Harm     .    (no cloak)
rCorr   .          Rampage  .    (gloves unavailable)
Will    .....                    (boots unavailable)
Stlth   ++........               o - amulet of faith
HPRegen 1.04/turn                x - +6 ring of dexterity
MPRegen 0.11/turn                L - +4 ring of evasion

@: mighty, hasted, lightly drained, very quick
A: large, unfitting armour, claws 3, regeneration 1, shaggy fur 1, tough skin 1
a: Renounce Religion, Berserk, Trog's Hand, Brothers in Arms


You were on level 7 of the Dungeon.
You worshipped Trog.
Trog was greatly pleased with you.
You visited 2 branches of the dungeon, and saw 8 of its levels.

You collected 400 gold pieces.
You spent 19 gold pieces at shops.

Inventory:

Hand Weapons
 a - a +5 great sword
 g - a +4 falchion
 s - a +0 sling
 v - the +4 short sword "Impbane" {venom, rPois Will+ rCorr}
   (You found it on level 2 of the Dungeon)

   It poisons the flesh of those it strikes.
   rPois:     It protects you from poison.
   rCorr:     It protects you from acid and corrosion.
   Will:      It increases your willpower.
 F - a +0 hand axe of electrocution
 G - a +2 quarterstaff of chaos
 I - a +1 hammer of protection
 N - a +1 short sword of flaming
 X - a +0 dagger of speed
Missiles
 e - 69 stones (quivered)
 O - 6 boomerangs
Armour
 b - a +0 animal skin (worn)
 k - a +0 robe
 E - a +2 leather armour of cold resistance
 H - a +2 cloak
 M - a +0 plate armour
 P - a +3 leather armour of cold resistance
 Q - a +0 animal skin
 R - a +0 helmet
Magical Staves
 c - a staff of poison
Jewellery
 l - a +4 ring of evasion
 n - a +4 ring of evasion
 o - an amulet of faith (around neck)
 x - a +6 ring of dexterity (left claw)
 y - a ring of resist corrosion
 L - a +4 ring of evasion (right claw)
Wands
 S - a wand of polymorph (16)
Scrolls
 h - 4 scrolls of teleportation
 m - a scroll of silence {unknown}
 r - 8 scrolls of identify {unknown}
 t - 2 scrolls of fear {unknown}
 u - a scroll of summoning {unknown}
 A - a scroll of immolation {unknown}
 B - a scroll of enchant armour {unknown}
 C - a scroll of blinking {unknown}
 J - a scroll of magic mapping {unknown}
 K - a scroll of acquirement {unknown}
 Z - 2 scrolls of amnesia {unknown}
Potions
 d - 4 potions of curing
 f - a potion of resistance {unknown}
 i - 3 potions of flight {unknown}
 j - 2 potions of might
 p - a potion of berserk rage {unknown}
 q - 2 potions of attraction {unknown}
 w - a potion of invisibility {unknown}
 z - a potion of haste
 D - 2 potions of heal wounds
 T - a potion of mutation {unknown}


   Skills:
 * Level 5.3 Fighting
 - Level 2.9 Maces & Flails
 + Level 5.1 Dodging
 + Level 9.4 Unarmed Combat


You had 8 spell levels left.
You didn't know any spells.
Your spell library contained the following spells:

 Spells                   Type           Power      Damage    Failure   Level
 Apportation              Tloc           0%         N/A       52%         1
 Magic Dart               Conj           0%         1d3       52%         1
 Necrotise                Necr           0%         1d4       52%         1
 Summon Small Mammal      Summ           0%         N/A       52%         1
 Call Imp                 Summ           0%         N/A       67%         2
 Ignite Poison            Fire/Tmut/Pois 0%         N/A       88%         3
 Mephitic Cloud           Conj/Pois/Air  0%         N/A       88%         3
 Stone Arrow              Conj/Erth      0%         3d7       88%         3
 Summon Guardian Golem    Hex/Summ       0%         N/A       88%         3
 Animate Armour           Summ/Erth      0%         N/A       99%         4
 Freezing Cloud           Conj/Ice/Air   0%         6-21      100%        5
 Orb of Destruction       Conj           0%         9d5       100%        7
 Spellforged Servitor     Conj/Summ      0%         N/A       100%        7
 Lehudib's Crystal Spear  Conj/Erth      0%         10d2      100%        8


Dungeon Overview and Level Annotations

Branches:
Dungeon (7/15)             Temple (1/1) D:6

Altars:
Ashenzari
Cheibriados
Dithmenos
Elyvilon
Fedhas
Gozag
Hepliaklqana
Kikubaaqudgha
Makhleb
Nemelex Xobeh
Okawaru
Qazlal
Ru
Sif Muna
Trog
Uskayaw
Vehumet
Wu Jian
Xom
Yredelemnul
Zin
The Shining One

Shops:
D:4 =   D:6 !   D:7 (

Annotations:
D:7 1 transporter, Grum; Ijustatesigmund's ghost, novice HOFi


Innate Abilities, Weirdness & Mutations

You are too large for most types of armour.
You have claws for hands.
Your natural rate of healing is unusually fast.
You are covered in fur. (AC +1)
You have tough skin. (AC +1)


Message History

The gnoll sergeant completely misses you.
The gnoll hits you from afar with a +1 spear of electrocution.
The gnoll sergeant closely misses you.
It was a potion of haste.
You feel yourself speed up.
You feel sick.
The wolf barely misses you. x2; The gnoll sergeant barely misses you.
The gnoll hits you from afar with a +1 spear of electrocution.
* * * LOW HITPOINT WARNING * * *
The gnoll sergeant barely misses you.
You feel sick. The wolf closely misses you.
The gnoll hits you with a +1 spear of electrocution.
* * * LOW HITPOINT WARNING * * *
You are electrocuted!
* * * LOW HITPOINT WARNING * * *
The gnoll sergeant barely misses you.
There is a fountain of clear blue water here.
You feel much better.
You feel sick. The wolf bites you! The gnoll barely misses you.
The wolf attacks as you move away! The wolf bites you.
* * * LOW HITPOINT WARNING * * *
You feel sick.
The gnoll bouda barks out a call to the hunt!
The gnolls pick up the pace!
The gnoll hits you with a +1 spear of electrocution.
* * * LOW HITPOINT WARNING * * *
The wolf bites you.
* * * LOW HITPOINT WARNING * * *
There is an open translucent door here.
It was a potion of might.
You feel very mighty all of a sudden.
You feel sick.
You are no longer poisoned.
The gnoll sergeant hits you from afar with a +3 spear of chaos.
* * * LOW HITPOINT WARNING * * *
The gnoll sergeant burns you.
* * * LOW HITPOINT WARNING * * *
The wolf bites you.
* * * LOW HITPOINT WARNING * * *
The gnoll hits you with a +1 spear of electrocution!
You die...

#.###..≈≈.##.#####.##.≈≈.....#..
#.# #..≈≈..#.#8⌠8#.#.........#..
##.# #..~~.©#.gg©g'.#©........#..
...# #..≈≈..#g#Wgh#.#.........#..
#### #..≈≈.##.##g##.##.≈≈.....#..
..# #..≈≈.#..#.g.#..#.≈≈.....#..
#.####..≈≈.##.#⌠g⌠#.##.≈≈.....#..
........≈≈..#.#.gh#.#..≈≈.>...#..
#.#####.≈≈###.##@##.###≈≈.#####..
.....[#.≈≈#...........#≈≈.# #..
#####...≈≈##.###.###.##≈≈.# #..
##..≈≈#..#8###8#..#≈≈.# ###
#..≈≈####.....####≈≈.#
#..≈≈≈≈≈≈≈≈~≈≈≈≈≈≈≈≈.#######
#..≈≈≈≈≈≈≈≈~≈≈≈≈≈≈≈≈......#.
#......................##.#.
#......########.......###.#.


You could see Grum (swift), 2 gnoll sergeants, 2 wolves, a gnoll bouda,
Ijustatesigmund's ghost and 4 gnolls.

Vanquished Creatures
  Duvessa (D:6)
  A sky beast (D:4)
  An orc warrior (D:6)
  An ogre (D:4)
  A kobold brigand (D:7)
  6 bullfrogs
  3 scorpions
  2 necrophages
  8 wights
  Dowan (D:6)
  A howler monkey (D:7)
  2 jellies (D:5)
  An orc priest (D:5)
  4 hounds
  Crazy Yiuf (D:3)
  5 iguanas
  Natasha (thrice) (D:2)
  4 orc wizards
  Robin (D:4)
  4 gnolls (D:7)
  6 adders
  4 white imps
  2 ufetubi
  2 worms (D:2)
  14 orcs
  4 ball pythons
  5 endoplasms
  A giant cockroach (D:4)
  5 goblins
  8 hobgoblins
  7 quokkas
  7 bats
  A frilled lizard (D:1)
  10 kobolds
  3 rats
130 creatures vanquished.

Vanquished Creatures (others)
  A gnoll (D:7)
  A fungus (D:3)
  6 plants (D:7)
8 creatures vanquished.

Grand Total: 138 creatures vanquished

Notes
Turn   | Place    | Note
-------+----------+-------------------------------------------
     0 | D:1      | ImASeal the Troll Berserker began the quest for the Orb.
     0 | D:1      | Reached XP level 1. HP: 22/22 MP: 0/0
   382 | D:1      | Reached XP level 2. HP: 29/29 MP: 1/1
   408 | D:1      | You fall into a shaft and drop 1 floor!
   795 | D:2      | Identified the +4 short sword "Impbane" {venom, rPois Will+
                  | rCorr}
   826 | D:2      | Noticed Natasha
   845 | D:2      | Killed Natasha
   846 | D:2      | Reached skill level 1 in Unarmed Combat
   846 | D:2      | Reached XP level 3. HP: 32/37 MP: 2/2
   877 | D:2      | Noticed Natasha
   884 | D:2      | Killed Natasha
   885 | D:2      | Reached XP level 4. HP: 39/45 MP: 3/3
   926 | D:2      | Noticed Natasha
  1044 | D:2      | Killed Natasha
  2159 | D:3      | Reached skill level 2 in Unarmed Combat
  2178 | D:3      | Found a runed translucent door.
  2179 | D:3      | Noticed Crazy Yiuf
  2189 | D:3      | Killed Crazy Yiuf
  2190 | D:3      | Reached XP level 5. HP: 20/53 MP: 4/4
  2731 | D:3      | Reached ** piety under Trog
  3239 | D:4      | Noticed Robin
  3250 | D:4      | Killed Robin
  3255 | D:4      | Reached skill level 3 in Unarmed Combat
  3271 | D:4      | Found Jealirow's Jewellery Emporium.
  3490 | D:4      | Reached XP level 6. HP: 62/62 MP: 5/5
  3528 | D:4      | Reached skill level 4 in Unarmed Combat
  3686 | D:4      | Noticed a sky beast
  3712 | D:4      | Killed a sky beast
  3713 | D:4      | Reached skill level 5 in Unarmed Combat
  3911 | D:4      | Reached XP level 7. HP: 45/68 MP: 6/6
  4206 | D:5      | Entered Level 5 of the Dungeon
  4227 | D:5      | Found an iron altar of Okawaru.
  4581 | D:5      | Reached skill level 6 in Unarmed Combat
  5138 | D:5      | Found a sparkling altar of Nemelex Xobeh.
  5402 | D:6      | Reached *** piety under Trog
  5408 | D:6      | Reached XP level 8. HP: 37/79 MP: 7/7
  5490 | D:6      | Reached skill level 7 in Unarmed Combat
  5531 | D:6      | Noticed Dowan
  5534 | D:6      | Noticed Duvessa
  5552 | D:6      | Killed Dowan
  5561 | D:6      | Killed Duvessa
  5622 | D:6      | Found a staircase to the Ecumenical Temple.
  5687 | Temple   | Entered the Ecumenical Temple
  5993 | D:6      | Reached skill level 8 in Unarmed Combat
  6112 | D:6      | Found Culilun's Distillery.
  6379 | D:7      | Found Nothurch's Weapon Boutique.
  6390 | D:7      | Bought a +0 sling for 19 gold pieces
  6424 | D:7      | Reached skill level 5 in Fighting
  6562 | D:7      | Reached XP level 9. HP: 88/88 MP: 8/8
  6608 | D:7      | Found a transporter.
  6614 | D:7      | Reached **** piety under Trog
  6615 | D:7      | Reached skill level 5 in Dodging
  6615 | D:7      | Reached skill level 9 in Unarmed Combat
  6628 | D:7      | Noticed Grum
  7135 | D:7      | Identified the +0 glaive of the Snake Pit {vorpal, *Corrode
                  | rF+++ rC++ Str-3}
  7135 | D:7      | Identified the ring "Ytruc" {Ice MP+9 Str+2}
  7136 | D:7      | Found a transporter.
  7160 | D:7      | Noticed Ijustatesigmund's ghost (novice HOFi)
  7182 | D:7      | Slain by a gnoll

Illustrated notes

Levels and vault maps discovered:
D:1:      minmay_arrival_three_doors, layout_loops_corners
D:2:      layout_rooms, roderic_roman_lattice, hangedman_feature_mirror,
          uniq_natasha
D:3:      layout_basic, uniq_crazy_yiuf_cottage
D:4:      layout_loops_ring, serial_shops, nicolae_shop_stone, uniq_robin
D:5:      layout_basic, mainiacjoe_overflow_big_doors,
          hangedman_abyss_or_decor_passed
D:6:      layout_cave_pools, minmay_temple_entry_offerings, serial_shops,
          kennysheep_little_box, kennysheep_small_circle, uniq_duvessa
D:7:      layout_basic, gammafunk_ghost_gnarly_gnolls, serial_shops, shop,
          hangedman_abyss_or_decor_lesser_grid, kennysheep_generic_room_9
Temple:   nicolae_temple_slightly_damp_pantheon

Skill      XL: |  1  2  3  4  5  6  7  8  9 |
---------------+----------------------------+-----
Fighting       | 3 4 5 |  5.3
Unarmed Combat | 1 2 3 5 6 8 9 |  9.4
Dodging        | 3 4 5 |  5.1
Maces & Flails | |  2.9

Action                   |  1- 3 |  4- 6 |  7- 9 || total
-------------------------+-------+-------+-------++-------
Melee: Mace              |    30 |       |       ||    30
       Unarmed           |    33 |   154 |   210 ||   397
       Punch             |       |     2 |     5 ||     7
  Use: Potion            |       |       |     8 ||     8
       Scroll            |       |       |     2 ||     2
 Stab: Sleeping          |       |       |     3 ||     3
       Distracted        |       |       |     2 ||     2
Armor: Animal skin       |    27 |    32 |    27 ||    86
       Skin              |       |       |     3 ||     3
Dodge: Dodged            |    40 |    75 |   213 ||   328

Table legend: (Time is in decaauts)
 A = Elapsed time spent in this place.
 B = Non-inter-level travel time spent in this place.
 C = Inter-level travel time spent in this place.
 D = Time resting spent in this place.
 E = Time spent auto-exploring this place.
 F = Levels seen in this place.
 G = Mean time per level.
                   A        B        C        D        E       F      G
               +--------+--------+--------+--------+--------+-----+--------+
         Total |   7148 |   7145 |      3 |    321 |   4101 |   8 |  893.5 |
       Dungeon |   6881 |   6878 |      3 |    321 |   3986 |   7 |  983.0 |
        Temple |    266 |    266 |      0 |      0 |    115 |   1 |  266.0 |
               +--------+--------+--------+--------+--------+-----+--------+

Top non-repeatable levels by time:
     D:5: 1174 daAuts
     D:2: 1084 daAuts
     D:1: 1084 daAuts
     D:3: 1043 daAuts
     D:4: 988 daAuts
     D:7: 791 daAuts
     D:6: 714 daAuts
  Temple: 266 daAuts
